 Dungeon Crawl Stone Soup version 0.28.0-43-g3370ac3207 (webtiles) character file.

Game seed: 14442610232085999366

68 cbfl8 the Sneak (level 4, -5/40 HPs)
             Began as a Minotaur Delver on Feb 28, 2022.
             Succumbed to Sigmund's poison
             ... on level 2 of the Dungeon.
             The game lasted 00:03:48 (1806 turns).

cbfl8 the Sneak (Minotaur Delver)                   Turns: 1806, Time: 00:03:48

Health: -5/40      AC:  3    Str: 18    XL:     4   Next: 1%
Magic:  3/3        EV: 12    Int:  7    God:
Gold:   32         SH:  0    Dex: 12    Spells: 3/3 levels left

rFire   . . .      SeeInvis .   a - +0 hand axe
rCold   . . .      Faith    .   (no shield)
rNeg    . . .      Spirit   .   b - +0 leather armour
rPois   .          Reflect  .   (helmet restricted)
rElec   .          Harm     .   (no cloak)
rCorr   .          Rampage  .   (no gloves)
Will    .....                   (no boots)
Stlth   ++........              (no amulet)
HPRegen 0.13/turn               (no ring)
MPRegen 0.08/turn               (no ring)

@: lethally poisoned (-5 -> -31)
A: horns 2, retaliatory headbutt
a: no special abilities


You were on level 2 of the Dungeon.
You visited 1 branch of the dungeon, and saw 5 of its levels.

You collected 32 gold pieces.

Inventory:

Hand Weapons
 a - a +0 hand axe (weapon)
Armour
 b - a +0 leather armour (worn)
Wands
 g - a wand of digging (3)
Scrolls
 c - a scroll of fog
 d - a scroll of magic mapping
 e - a scroll of fear
 i - a scroll of teleportation {unknown}
 j - a scroll of amnesia {unknown}
 l - a scroll of identify {unknown}
Potions
 f - a potion of haste
 h - a potion of heal wounds {unknown}
 k - a potion of curing {unknown}


   Skills:
 + Level 3.8 Fighting
 + Level 3.0 Axes
 + Level 1.4 Armour
 + Level 2.3 Dodging
 + Level 4.9 Stealth


You had 3 spell levels left.
You didn't know any spells.
Your spell library was empty.

Dungeon Overview and Level Annotations

Branches:
Dungeon (5/15)
 Temple: D:4-7

Altars:

Annotations:
D:2 Sigmund


Innate Abilities, Weirdness & Mutations

You have a pair of horns on your head.
You reflexively headbutt those who attack you in melee.


Message History

The hobgoblin is heavily wounded.
The hobgoblin hits you but does no damage.
The hobgoblin closely misses you.
You barely miss the hobgoblin.
The hobgoblin is heavily wounded.
The hobgoblin hits you but does no damage.
The hobgoblin hits you but does no damage.
The hobgoblin hits you but does no damage.
You hit the hobgoblin.
You kill the hobgoblin!
You have reached level 4!
You feel agile.
You see here 15 stones.
Found a scroll labelled WAHOBERITEBB.
l - a scroll labelled WAHOBERITEBB Sigmund the Dreaded comes into view.
He is wielding a +1 scythe of venom.
Sigmund shouts!
Sigmund points at you and mumbles some strange words.
You resist with some effort. Sigmund gestures at you while chanting.
You resist with some effort. Sigmund misses you.
You hit Sigmund.
Sigmund is lightly wounded.
Sigmund hits you with a +1 scythe of venom.
You are poisoned.
You closely miss Sigmund.
Sigmund is lightly wounded.
You feel very sick.
Sigmund hits you with a +1 scythe of venom!
You are lethally poisoned!
You hit Sigmund.
Sigmund is lightly wounded.
* * * LOW HITPOINT WARNING * * *
You feel extremely sick.
Sigmund hits you with a +1 scythe of venom!
* * * LOW HITPOINT WARNING * * *
You hit Sigmund. Your headbutt misses Sigmund.
Sigmund is moderately wounded.
You die...

# . .# .# ####@#
#....##.## . #.#.......
. #####...# .###
###...@@.## ...)
#...###### ..# #...# ..#
#####...# #######
..#####.......####.....#
......#.###......#.....#
...(...................#
......#.##....##.#.....#
..#####.##..#.##.#.....#


You could see Sigmund.

Vanquished Creatures
  A hound skeleton (D:4)
  A gnoll (D:1)
  A dart slug (D:2)
  A bat (D:2)
  2 endoplasms
  4 giant cockroaches
  3 goblins
  4 hobgoblins
  7 kobolds
  2 quokkas (D:1)
  6 ball pythons (D:1)
  2 frilled lizards (D:1)
  4 rats
38 creatures vanquished.

Notes
Turn   | Place    | Note
-------+----------+-------------------------------------------
     0 | D:5      | cbfl8 the Minotaur Delver began the quest for the Orb.
     0 | D:5      | Reached XP level 1. HP: 19/19 MP: 0/0
     7 | D:5      | Noticed an ogre
    47 | D:4      | Reached XP level 2. HP: 25/26 MP: 1/1
   635 | D:1      | Reached XP level 3. HP: 19/33 MP: 2/2
   918 | D:1      | Found a faded altar of an unknown god.
  1462 | D:1      | Reached skill level 1 in Armour
  1753 | D:2      | Reached XP level 4. HP: 39/40 MP: 3/3
  1793 | D:2      | Noticed Sigmund
  1805 | D:2      | HP: 1/40 [Sigmund/+1 scythe of venom (9)]
  1806 | D:2      | Succumbed to Sigmund's poison

Illustrated notes

Levels and vault maps discovered:
D:1:      minmay_arrival_nine_rooms, layout_loops_ring,
          nicolae_ecumenical_snake_handling
D:2:      layout_loops_cross, grunt_ministairs_10, minmay_3d_cube, uniq_sigmund
D:3:      layout_basic, uniq_robin
D:4:      minmay_thinvault, layout_rooms, wad_orctagon, uniq_grinder
D:5:      layout_loops_cross, hangedman_decor_points

Skill      XL: |  1  2  3 |
---------------+----------+-----
Armour         | 1 |  1.4
Axes           | 3 |  3.0
Fighting       | |  3.8
Dodging        | |  2.3
Stealth        | |  4.9

Action                   |  1- 3 |  4- 6 || total
-------------------------+-------+-------++-------
Melee: Hand axe          |    89 |     4 ||    93
       Headbutt          |    13 |       ||    13
 Stab: Sleeping          |     2 |       ||     2
Armor: Leather armour    |    37 |       ||    37
Dodge: Dodged            |    64 |     1 ||    65
